 Dungeon Crawl Stone Soup version 0.21.1-1-g345015f (webtiles) character file.

6506 xccam the Cleaver (level 11, -4/80 HPs)
             Began as a Formicid Fighter on Mar 25, 2018.
             Slain by a slime creature (6 damage)
             ... on level 9 of the Dungeon.
             The game lasted 00:18:43 (9507 turns).

xccam the Cleaver (Formicid Fighter)                Turns: 9507, Time: 00:18:43

Health: -4/80      AC: 17    Str: 24    XL:     11   Next: 19%
Magic:  11/11      EV:  8    Int:  7    God:
Gold:   314        SH: 12    Dex: 11    Spells: 10/10 levels left

rFire    . . .     SeeInvis +   a - +0 war axe
rCold    . . .     Gourm    .   c - +0 shield
rNeg     . . .     Faith    .   w - +0 plate armour
rPois    .         Spirit   .   (helmet unavailable)
rElec    .         Reflect  .   B - +0 cloak
rCorr    .         Harm     .   l - +0 pair of gloves
MR       +....                  (no boots)
Stlth    ..........             (no amulet)
HPRegen  0.23/turn              (no ring)
MPRegen  0.12/turn              (no ring)

@: no status effects
A: permanent stasis, dig shafts and tunnels, four strong arms, antennae 3
a: Dig, Shaft Self


You were on level 9 of the Dungeon.
You were not hungry.

You visited 2 branches of the dungeon, and saw 10 of its levels.

You collected 404 gold pieces.
You spent 90 gold pieces at shops.

Inventory:

Hand Weapons
 a - a +0 war axe (weapon)
Armour
 c - a +0 shield (worn)
 l - a +0 pair of gloves (worn)
 w - a +0 plate armour (worn)
 B - a +0 cloak (worn)
Jewellery
 u - an uncursed ring of ice
 z - an uncursed ring of fire
Wands
 d - a wand of iceblast (6)
 h - a wand of flame (25)
 y - a wand of digging (15)
Scrolls
 b - 2 scrolls of noise {unknown}
 g - a scroll of amnesia {unknown}
 i - 2 scrolls of immolation {unknown}
 k - 3 scrolls of remove curse
 n - 2 scrolls of fog {unknown}
 q - a scroll of enchant armour {unknown}
 r - a scroll of blinking {unknown}
 v - a scroll of magic mapping
 x - 3 scrolls of identify
Potions
 e - a potion of curing
 m - 2 potions of resistance
 o - 4 potions of lignification
 p - a potion of flight
 s - a potion of agility
 t - a potion of heal wounds
Comestibles
 f - 9 rations


   Skills:
 + Level 5.6 Fighting
 + Level 11.1 Axes
 + Level 9.5 Armour
 + Level 3.4 Dodging
 - Level 9.0 Shields


You had 10 spell levels left.
You didn't know any spells.

Dungeon Overview and Level Annotations

Branches:
Dungeon (9/15)             Temple (1/1) D:5
   Lair: D:8-11         Orc: D:9-12

Altars:
Ashenzari
Cheibriados
Dithmenos
Elyvilon
Fedhas
Gozag
Hepliaklqana
Kikubaaqudgha
Makhleb
Nemelex Xobeh
Okawaru
Qazlal
Sif Muna
Uskayaw
Vehumet
Wu Jian
Xom
Yredelemnul
Zin
The Shining One

Shops:
D:6 *   D:8 =


Innate Abilities, Weirdness & Mutations

You cannot be hasted, slowed, berserked, paralysed or teleported.
You can dig through walls and to a lower floor.
Your four strong arms can wield two-handed weapons with a shield.
You have a pair of large antennae on your head. (SInv)


Message History

You hit the slime creature. You hit the ice beast but do no damage.
You slash the manticore! You block the manticore's attack.
The manticore claws you but does no damage.
You block the manticore's attack.
The ice beast hits you but does no damage.
The slime creature hits you but does no damage.
Unknown command.
You hit the worker ant but do no damage.
You hit the slime creature but do no damage.
You slash the ice beast!
You kill the ice beast!
You hit the manticore. You block the worker ant's attack.
The manticore bites you!
* * * LOW HITPOINT WARNING * * *
The manticore claws you.
* * * LOW HITPOINT WARNING * * *
The manticore claws you.
* * * LOW HITPOINT WARNING * * *
The slime creature hits you.
You die...

..... ......:#
.(... #......#
....##......#
...........#....
#....#....#....
#...../..........
#$.aJ..##.........
#..H@.$##....#....
#)................
######....#.......
...................
...................
...................
##.##...<..........
# #....####....#.
#.......# #..#


You could see a slime creature, a manticore and a worker ant.

Vanquished Creatures
  A two-headed ogre (D:8)
  The ghost of vatarom the Summoner, a novice TeSu of Sif Muna (D:8)
  Pikel (D:7)
  A troll (D:8)
  2 slime creatures (D:9)
  A hippogriff (D:7)
  4 orc warriors
  A slave (D:7)
  3 ice beasts
  3 phantoms
  6 necrophages (D:7)
  3 centaurs
  4 ogres
  A bullfrog (D:7)
  A wyvern zombie (D:8)
  4 scorpions
  8 killer bees
  2 wights (D:7)
  A howler monkey (D:4)
  A crimson imp (D:5)
  2 bullfrog zombies
  A centaur zombie (D:8)
  3 orc priests
  A bullfrog skeleton (D:8)
  3 jellies
  5 hounds
  12 orc wizards
  3 iguanas
  3 worker ants
  3 hound zombies
  A hound skeleton (D:6)
  A mummy (D:7)
  11 adders
  A gnoll (D:1)
  2 shadow imps (D:7)
  2 oozes
  3 worms
  A dart slug (D:1)
  6 leopard geckos
  29 orcs
  7 bats
  8 giant cockroaches
  9 goblins
  6 hobgoblins
  15 jackals
  5 kobolds
  5 quokkas
  2 ball pythons
  4 frilled lizards
  A leopard gecko skeleton (D:5)
  9 rats
213 creatures vanquished.

Vanquished Creatures (others)
  A slave (D:7)
  2 necrophages (D:7)
  A centaur (D:7)
  2 worker ants (D:7)
  A mummy (D:7)
  An orc (D:7)
8 creatures vanquished.

Grand Total: 221 creatures vanquished

Notes
Turn   | Place    | Note
-------+----------+-------------------------------------------
     0 | D:1      | xccam the Formicid Fighter began the quest for the Orb.
     0 | D:1      | Reached XP level 1. HP: 18/18 MP: 1/1
   176 | D:1      | Reached XP level 2. HP: 18/24 MP: 2/2
   287 | D:1      | Reached XP level 3. HP: 29/29 MP: 3/3
   505 | D:1      | Reached skill level 3 in Axes
   582 | D:1      | Reached XP level 4. HP: 25/35 MP: 4/4
  1067 | D:2      | Reached skill level 5 in Shields
  1600 | D:2      | Reached XP level 5. HP: 37/41 MP: 5/5
  2079 | D:3      | Noticed a phantom
  2108 | D:3      | Killed a phantom
  2108 | D:3      | Reached skill level 4 in Axes
  2108 | D:3      | Reached XP level 6. HP: 38/47 MP: 6/6
  2859 | D:4      | Found a glowing silver altar of Zin.
  2860 | D:4      | Found Zin's Purification Station.
  2867 | D:4      | Bought a potion of curing for 90 gold pieces
  2997 | D:4      | Reached skill level 5 in Axes
  3283 | D:4      | Reached XP level 7. HP: 50/52 MP: 7/7
  3942 | D:5      | Entered Level 5 of the Dungeon
  4165 | D:5      | Reached skill level 6 in Axes
  4195 | D:5      | Reached XP level 8. HP: 53/58 MP: 8/8
  4525 | D:5      | Reached skill level 7 in Axes
  5165 | D:5      | Found a staircase to the Ecumenical Temple.
  5172 | Temple   | Entered the Ecumenical Temple
  6028 | D:6      | Reached XP level 9. HP: 43/64 MP: 9/9
  6066 | D:6      | Found Fuulou's General Store.
  6142 | D:6      | Reached skill level 8 in Axes
  6425 | D:7      | Noticed a hippogriff
  6438 | D:7      | Killed a hippogriff
  6438 | D:7      | Reached skill level 5 in Armour
  6484 | D:7      | Reached skill level 9 in Axes
  6557 | D:7      | Noticed Pikel
  6589 | D:7      | Killed Pikel
  6589 | D:7      | Reached XP level 10. HP: 34/65 MP: 10/10
  7005 | D:7      | Reached skill level 10 in Axes
  7471 | D:7      | Found a radiant altar of Vehumet.
  8130 | D:8      | Noticed a two-headed ogre
  8138 | D:8      | Killed a two-headed ogre
  8138 | D:8      | Reached skill level 1 in Dodging
  8209 | D:8      | Noticed vatarom's ghost (novice TeSu)
  8820 | D:8      | Killed vatarom's ghost
  8820 | D:8      | Reached XP level 11. HP: 57/78 MP: 11/11
  8833 | D:8      | Reached skill level 5 in Fighting
  9103 | D:8      | Found Minnyrorph's Jewellery Shop.
  9274 | D:8      | Reached skill level 11 in Axes
  9501 | D:9      | Noticed a manticore
  9507 | D:9      | HP: 4/80 [manticore (1)]
  9507 | D:9      | Slain by a slime creature

Skill      XL: |  1  2  3  4  5  6  7  8  9 10 11 |
---------------+----------------------------------+-----
Shields        | 4 5 6 7 9 |  9.0
Axes           | 3 4 5 6 7 9 10 11 | 11.1
Armour         | 7 9 |  9.5
Fighting       | 4 5 |  5.6
Dodging        | 2 3 |  3.4

Action                   |  1- 3 |  4- 6 |  7- 9 | 10-12 || total
-------------------------+-------+-------+-------+-------++-------
Melee: War axe           |    78 |   218 |   309 |   309 ||   914
Evoke: Wand              |       |       |       |     4 ||     4
  Use: Potion            |       |     1 |     3 |     3 ||     7
       Scroll            |       |     5 |     3 |     4 ||    12
  Eat: Chunk             |       |     8 |     7 |     4 ||    19
       Ration            |       |       |     1 |     2 ||     3
Armor: Scale mail        |    36 |    83 |    66 |       ||   185
       Plate armour      |       |       |    54 |   172 ||   226
Dodge: Dodged            |    30 |    68 |    91 |    97 ||   286
Block: Shield            |    61 |   120 |   199 |   222 ||   602
